 Dungeon Crawl Stone Soup version bcrawl-1.19.1 (webtiles) character file.

Game seed: 17768461256749280967

75 Freyura the Shield-Bearer (level 4, -3/28 HPs)
             Began as a Skeleton Fighter on Nov 27, 2019.
             Killed from afar by Sigmund (9 damage)
             ... with a puff of flame
             ... on level 2 of the Dungeon.
             The game lasted 00:05:29 (1275 turns).

Freyura the Shield-Bearer (Skeleton Fighter)        Turns: 1275, Time: 00:05:29

Health: -3/28      AC:  8    Str: 22 (23) XL:     4   Next: 11%
Magic:  0/4        EV:  8    Int:  5 (6)  God:
Gold:   80         SH:  9    Dex:  9      Spells: 3/3 levels left

rFire    . . .     SeeInvis .   a - +0 flail
rCold    + . .     Gourm    .   c - +0 shield
rNeg     + + +     Faith    .   b - +0 scale mail
rPois    ∞         Spirit   +   (no helmet)
rElec    .         Reflect  .   (no cloak)
rCorr    .         Harm     .   h - +0 pair of gloves
MR       .....                  (no boots)
Stlth    ..........             (no amulet)
HPRegen  0.09/turn              g - ring of flight
MPRegen  0.09/turn              (no ring)

@: no status effects
A: no food or potions, cold resistance 1, deterioration 1, negative energy
resistance 3, torment resistance, unbreathing, magic shield, sturdy frame 1,
spell healing
a: Evoke Flight


You were on level 2 of the Dungeon.
You were not hungry.

You visited 1 branch of the dungeon, and saw 2 of its levels.

You collected 80 gold pieces.

Inventory:

Hand Weapons
 a - a +0 flail (weapon)
Armour
 b - a +0 scale mail (worn)
 c - a +0 shield (worn)
 h - a +0 pair of gloves (worn)
Jewellery
 g - a ring of flight (left hand)
Scrolls
 d - a scroll of teleportation {unknown}
 e - 3 scrolls of identify
 f - 2 scrolls of fear
 i - a scroll of fog {unknown}
 j - a scroll of enchant weapon {unknown}
 k - a scroll of magic mapping {unknown}


   Skills:
 + Level 3.3 Fighting
 * Level 3.7 Maces & Flails
 + Level 3.6 Armour
 + Level 1.2 Dodging
 + Level 4.1 Shields


You had 3 spell levels left.
You didn't know any spells.
Your spell library was empty.

Dungeon Overview and Level Annotations

Branches:
Dungeon (2/12)

Altars:

Annotations:
D:2 Sigmund


Innate Abilities, Weirdness & Mutations

You do not eat or drink.
You are immune to poison.
Your flesh is cold resistant. (rC+)
Your body sometimes deteriorates upon taking damage.
You are immune to negative energy. (rN+++)
You are immune to unholy pain and torment.
You can survive without breathing.
When hurt, damage is shared between your health and your magic reserves.
Your movements are slightly less encumbered by armour. (ER -2)
Casting spells heals you.


Message History

No target in view!
No target in view!
You miss something. Something hits you.
You closely miss something. Something hits you but does no damage.
You thump something!
You hear some strange, mumbled words.
You are confused.
Something hits you! The worm bites you. Something completely misses you.
Something hits you but does no damage.
You feel less confused.
A puff of flame appears from out of thin air!
The puff of flame hits you!
* * * LOW HITPOINT WARNING * * *
You hear some strange, mumbled words.
Something tries to affect you, but you resist.
A puff of flame appears from out of thin air!
The puff of flame hits you!
You die...

#...<........# #
#............#########
##..............)......
##..........#....†(..##†
#.....................##
#......w................
#....................#.#
.............#........#.#
#####...#@.>>.##......##..
####..###.........###.
#... ####......###. #....
#..(....... ##....#
#.(....#...
....!.####........##
...)..............##
.......#........#..#
.......).###........


You could see a worm.

Vanquished Creatures
  2 oozes (D:1)
  A worm (D:2)
  A dart slug (D:2)
  5 leopard geckos (D:1)
  4 orcs (D:2)
  A ball python (D:1)
  2 giant cockroaches (D:2)
  6 goblins
  4 hobgoblins
  2 jackals (D:1)
  3 quokkas
  3 bats (D:1)
  A frilled lizard (D:1)
  8 kobolds
  7 rats
50 creatures vanquished.

Notes
Turn   | Place    | Note
-------+----------+-------------------------------------------
     0 | D:1      | Freyura the Skeleton Fighter began the quest for the Orb.
     0 | D:1      | Reached XP level 1. HP: 14/14 MP: 1/1
    23 | D:1      | Reached XP level 2. HP: 17/19 MP: 2/2
   330 | D:1      | Reached skill level 4 in Shields
   331 | D:1      | Reached XP level 3. HP: 18/23 MP: 1/3
   914 | D:2      | Reached skill level 1 in Dodging
  1098 | D:2      | Reached XP level 4. HP: 27/28 MP: 4/4
  1254 | D:2      | Noticed Sigmund
  1275 | D:2      | Killed from afar by Sigmund

Skill      XL: |  1  2  3 |
---------------+----------+-----
Maces & Flails | 3 |  3.7
Shields        | 4 |  4.1
Dodging        | 1 |  1.2
Fighting       | |  3.3
Armour         | |  3.6

Action                   |  1- 3 |  4- 6 || total
-------------------------+-------+-------++-------
Melee: Flail             |   146 |    21 ||   167
  Use: Scroll            |       |     3 ||     3
Armor: Scale mail        |    79 |     8 ||    87
Dodge: Dodged            |    79 |     4 ||    83
Block: Shield            |   103 |    10 ||   113
